 Dungeon Crawl Stone Soup version 0.17-a0-292-geb37c66 (webtiles) character file.

100 Fiveotanaka the Sneak (level 4, -1/21 HPs)
             Began as a Spriggan Enchanter on Mar 30, 2015.
             Slain by Crazy Yiuf
             ... wielding a +2 quarterstaff of chaos
              (8 damage)
             ... on level 2 of the Dungeon.
             The game lasted 00:10:56 (2797 turns).

Fiveotanaka the Sneak (Spriggan Enchanter)          Turns: 2797, Time: 00:10:56

Health: -1/21      AC:  8    Str:  4    XL:     4   Next: 46%
Magic:  3/7        EV: 18    Int: 17    God:
Gold:   99         SH:  0    Dex: 16    Spells: 3 memorised, 3 levels left

rFire  . . .     SeeInvis +     s - +0 short sword (protect)
rCold  . . .     Clarity  .     b - +1 robe
rNeg   . . .     SustAb   .     (shield restricted)
rPois  .         Gourm    .     (helmet restricted)
rElec  .         Spirit   .     (no cloak)
rCorr  .         Warding  .     (gloves unavailable)
rMut   .         Stasis   .     (boots unavailable)
MR     .....                    (no amulet)
Stlth  ++++......               (no ring)
                                (no ring)

@: lethally poisoned (-1 -> -10), very quick, not resistant to hostile
enchantments, stealthy
A: unfitting armour, see invisible, herbivore 3, speed 3, slow metabolism 2
a: no special abilities


You were on level 2 of the Dungeon.
You were not hungry.

You visited 1 branch of the dungeon, and saw 2 of its levels.

You collected 99 gold pieces.

Inventory:

Hand weapons
 a - a +1 dagger
 s - a +0 short sword of protection (weapon)
Armour
 b - a +1 robe (worn)
Magical devices
 u - a wand of random effects (19)
Scrolls
 e - 3 scrolls of enchant weapon {unknown}
 f - 2 scrolls of fear {unknown}
 g - 2 scrolls of random uselessness {unknown}
 m - a scroll of immolation {unknown}
 o - 2 scrolls of identify {unknown}
 q - a scroll of amnesia {unknown}
 r - a scroll of blinking {unknown}
Potions
 h - 2 potions of magic {unknown}
 i - 3 potions of heal wounds {unknown}
 j - a potion of cancellation {unknown}
 k - 4 potions of curing {unknown}
 l - 3 potions of brilliance {unknown}
 n - a potion of poison {unknown}
 t - a potion of degeneration {unknown}
 v - a potion of ambrosia {unknown}
Books
 c - a book of Maledictions

   Spells                             Type                      Level
   a - Corona                         Hexes                        1
   b - Ensorcelled Hibernation        Hexes/Ice                    2
   c - Confuse                        Hexes                        3
   d - Dazzling Spray                 Conjuration/Hexes            3
   e - Enslavement                    Hexes                        4
Comestibles
 d - a bread ration
 p - 3 fruits


   Skills:
 - Level 1.8 Short Blades
 + Level 3.5 Dodging
 - Level 7.0 Stealth
 - Level 3.4 Spellcasting
 - Level 3.6 Hexes


You had 3 spell levels left.
You knew the following spells:

 Your Spells              Type           Power        Failure   Level  Hunger
a - Corona                Hex            ###....      4%          1    None
b - Ensorcelled Hibernat  Hex/Ice        #.....       14%         2    ##.....
c - Confuse               Hex            ###.....     14%         3    ###....


Dungeon Overview and Level Annotations

Branches:
Dungeon (2/15)

Altars:

Annotations:
D:2 Crazy Yiuf


Innate Abilities, Weirdness & Mutations

You are tiny and cannot use many weapons and most armour.
You have supernaturally acute eyesight.
You are a herbivore.
You cover ground extremely quickly.
You need consume almost no food.


Message History

You closely miss Crazy Yiuf.
Crazy Yiuf is almost dead.
Crazy Yiuf yells, "Cards!"
Crazy Yiuf hits you with a quarterstaff of chaos.
You feel your power leaking away.
Casting: Ensorcelled Hibernation
Confirm with . or Enter, or press ? or * to list all spells.
Aiming: Corona
Press: ? - help, Shift-Dir - straight line, f/p - Crazy Yiuf
Aim: Crazy Yiuf, wielding a quarterstaff of chaos and wearing a runed cloak (almost dead, chance 61%) Crazy Yiuf is outlined in light.
Crazy Yiuf sings, "Trees, trees, trees, circus!"
Crazy Yiuf hits you with a quarterstaff of chaos!
You are lethally poisoned!
You hit Crazy Yiuf.
Crazy Yiuf is almost dead.
You feel sick.
Crazy Yiuf yells, "Ice noodlescoop foot!"
Crazy Yiuf hits you with a quarterstaff of chaos!
You die...

#.# #..#
#####..### #.#
#..# #..# ##.#
#..# #..### #..#
#### #..... #.##
#.#### #.###♣♣♣♣♣
######.#
#.#.#..♣.♣♣♣ ####
#......#
#.......♣..♣#...#
########
#......♣♣♣♣.@g..#
##..#.♣♣ ♣♣#..)#
####♣♣ #### ####
#..# ##.# ### #.#
#.######.#######
#..............#
############.#.#


You could see Crazy Yiuf.

Vanquished Creatures
  Natasha (thrice) (D:2)
  A giant mite (D:1)
  2 worms (D:2)
  4 giant geckos
  3 oozes (D:2)
  2 giant cockroaches
  4 goblins
  3 hobgoblins
  3 jackals (D:1)
  A quokka (D:2)
  A ball python (D:1)
  2 bats (D:2)
  A giant newt (D:1)
  6 kobolds
  5 rats
41 creatures vanquished.

Notes
Turn   | Place    | Note
--------------------------------------------------------------
     0 | D:1      | Fiveotanaka, the Spriggan Enchanter, began the quest for the Orb.
     0 | D:1      | Reached XP level 1. HP: 9/9 MP: 3/3
   340 | D:1      | Reached XP level 2. HP: 13/13 MP: 2/5
   346 | D:1      | Learned a level 2 spell: Ensorcelled Hibernation
   779 | D:1      | Reached skill level 5 in Stealth
   925 | D:2      | Reached XP level 3. HP: 11/16 MP: 4/6
  1405 | D:2      | Noticed Natasha
  1408 | D:2      | Killed Natasha
  1408 | D:2      | Reached skill level 6 in Stealth
  1677 | D:2      | Reached XP level 4. HP: 21/21 MP: 7/7
  1684 | D:2      | Learned a level 3 spell: Confuse
  1759 | D:2      | Noticed Natasha
  2071 | D:2      | Killed Natasha
  2336 | D:2      | Reached skill level 7 in Stealth
  2442 | D:2      | Noticed Natasha
  2452 | D:2      | Killed Natasha
  2784 | D:2      | Noticed Crazy Yiuf
  2797 | D:2      | Slain by Crazy Yiuf

Action                   |  1- 3 |  4- 6 || total
-------------------------+-------+-------++-------
Melee: Dagger            |   112 |       ||   112
       Short sword       |       |    65 ||    65
 Cast: Corona            |    23 |    14 ||    37
       Ensorcelled Hiber |       |     1 ||     1
 Stab: Sleeping          |    10 |     4 ||    14
